 Dungeon Crawl Stone Soup version 0.19.1 (webtiles) character file.

110 MirrMurr the Sneak (level 4, 0/21 HPs)
             Began as a Spriggan Enchanter on Dec 2, 2016.
             Was a Follower of Nemelex Xobeh.
             Slain by a centaur skeleton (4 damage)
             ... on level 4 of the Dungeon.
             The game lasted 00:09:03 (4054 turns).

MirrMurr the Sneak (Spriggan Enchanter)             Turns: 4054, Time: 00:09:03

Health: 0/21       AC:  4    Str:  4    XL:     4   Next: 61%
Magic:  3/9        EV: 18    Int: 17    God:    Nemelex Xobeh [*.....]
Gold:   161        SH:  0    Dex: 16    Spells: 3 memorised, 3 levels left

rFire  . . .     SeeInvis +     a - +2 dagger (venom)
rCold  . . .     Gourm    .     j - +2 robe
rNeg   . . .     Faith    .     (shield restricted)
rPois  .         Spirit   .     (helmet restricted)
rElec  .         Reflect  .     (no cloak)
rCorr  .         Harm     .     (gloves unavailable)
MR     .....                    (boots unavailable)
Stlth  ++++......               (no amulet)
                                (no ring)
                                (no ring)

@: very quick
A: unfitting armour, see invisible, herbivore 3, speed 3, slow metabolism 2
a: Renounce Religion


You were on level 4 of the Dungeon.
You worshipped Nemelex Xobeh.
Nemelex Xobeh was aware of your devotion.
You were full.

You visited 1 branch of the dungeon, and saw 4 of its levels.

You collected 161 gold pieces.

Inventory:

Hand Weapons
 a - a +2 dagger of venom (weapon)
 b - a +1 dagger
 p - a +1 dagger of speed
Missiles
 e - 142 stones
 g - a throwing net
 k - 4 tomahawks (quivered)
Armour
 j - a +2 robe (worn)
Jewellery
 f - an uncursed ring of ice
Scrolls
 r - a scroll of recharging
Potions
 h - 2 potions of magic
 i - 2 potions of resistance {unknown}
 m - 2 potions of flight {unknown}
 t - 2 potions of curing {unknown}
Books
 c - a book of Maledictions

   Spells                             Type                      Level
   a - Corona                         Hexes                        1
   b - Ensorcelled Hibernation        Hexes/Ice                    2
   c - Confuse                        Hexes                        3
   d - Tukima's Dance                 Hexes                        3
   e - Dazzling Spray                 Conjuration/Hexes            3
Miscellaneous
 n - an ornate deck of destruction {drawn: 1}
 o - a plain deck of summoning
Comestibles
 d - a bread ration
 s - a slice of pizza


   Skills:
 + Level 1.9 Short Blades
 - Level 3.0 Dodging
 + Level 7.3 Stealth
 + Level 3.1 Spellcasting
 + Level 4.0 Hexes


You had 3 spell levels left.
You knew the following spells:

 Your Spells              Type           Power        Failure   Level  Hunger
a - Ensorcelled Hibernat  Hex/Ice        #.....       14%         2    ##.....
b - Confuse               Hex            ###.....     12%         3    ###....
c - Corona                Hex            ###....      3%          1    None


Dungeon Overview and Level Annotations

Branches:
Dungeon (4/15)
 Temple: D:4-7

Altars:
Nemelex Xobeh
Qazlal


Innate Abilities, Weirdness & Mutations

You are very small and have problems with some larger weapons.
You are too small for most types of armour.
You have supernaturally acute eyesight. (SInv)
You are a herbivore.
You cover ground extremely quickly.
You need consume almost no food.


Message History

Aim: a centaur skeleton (severely damaged, softly glowing, chance to defeat MR: 67%)
Okay, then.
Casting: Corona
Confirm with . or Enter, or press ? or * to list all spells.
Aiming: Confuse
Press: ? - help, Shift-Dir - straight line, f/p - centaur skeleton
Aim: a centaur skeleton (severely damaged, softly glowing, chance to defeat MR: 60%)
The centaur skeleton resists with significant effort.
The centaur skeleton barely misses you.
You are too injured to fight recklessly!
You are too injured to fight recklessly!
Casting: Confuse
Confirm with . or Enter, or press ? or * to list all spells.
Aiming: Confuse
Press: ? - help, Shift-Dir - straight line, f/p - centaur skeleton
Aim: a centaur skeleton (severely damaged, softly glowing, chance to defeat MR: 60%)
The centaur skeleton resists with significant effort.
The centaur skeleton stops glowing.
The centaur skeleton hits you.
You die...
Your body disappears without a glow.

......###
........# .#
......#.. .#
### .....<# #.
.##... ......#
#.#######.#..#
......#
#.>.........#
......#
##........# ..
......#
#.....Z...#...
.)...##
#.....@.......
....##
#.........#...
#####
#.........## ?
#..........#
#..<........#
##............
##.....#.....
############


You could see a centaur skeleton.

Vanquished Creatures
  A gnoll (D:1)
  3 adders
  A worm (D:2)
  A dart slug (D:1)
  2 leopard geckos
  4 orcs (D:3)
  2 giant cockroaches (D:1)
  6 goblins
  10 hobgoblins
  3 quokkas
  2 ball pythons
  8 bats
  2 frilled lizards
  8 kobolds
  6 rats
59 creatures vanquished.

Notes
Turn   | Place    | Note
-------+----------+-------------------------------------------
     0 | D:1      | MirrMurr the Spriggan Enchanter began the quest for the Orb.
     0 | D:1      | Reached XP level 1. HP: 9/9 MP: 5/5
   562 | D:1      | Reached skill level 5 in Stealth
  1072 | D:1      | Reached XP level 2. HP: 13/13 MP: 6/6
  1084 | D:1      | Learned a level 2 spell: Ensorcelled Hibernation
  1106 | D:1      | Reached skill level 6 in Stealth
  1407 | D:1      | Reached XP level 3. HP: 6/16 MP: 8/8
  1412 | D:1      | Learned a level 3 spell: Confuse
  2534 | D:2      | Reached skill level 7 in Stealth
  2779 | D:2      | Found a stormy altar of Qazlal.
  2820 | D:2      | Reached XP level 4. HP: 21/21 MP: 9/9
  3126 | D:3      | Found a faded altar of an unknown god.
  3144 | D:3      | Became a worshipper of Nemelex Xobeh the Trickster
  3144 | D:3      | Received a gift from Nemelex Xobeh
  3144 | D:3      | Received a gift from Nemelex Xobeh
  3144 | D:3      | Reached * piety under Nemelex Xobeh
  3421 | D:3      | You fall through a shaft!
  4054 | D:4      | Slain by a centaur skeleton

Skill      XL: |  1  2  3  4 |
---------------+-------------+-----
Stealth        | 5 6 7 |  7.3
Hexes          | 4 |  4.0
Spellcasting   | 3 |  3.1
Short Blades   | |  1.9
Dodging        | |  3.0

Action                   |  1- 3 |  4- 6 || total
-------------------------+-------+-------++-------
Melee: Dagger            |   172 |    57 ||   229
 Cast: Corona            |     2 |     1 ||     3
       Ensorcelled Hiber |     2 |       ||     2
       Confuse           |       |     2 ||     2
Evoke: Deck              |       |     1 ||     1
  Use: Scroll            |     6 |     4 ||    10
 Stab: Sleeping          |    12 |    11 ||    23
  Eat: Bread ration      |       |     1 ||     1
Armor: Robe              |    28 |     6 ||    34
Dodge: Dodged            |   144 |    38 ||   182
